 Dungeon Crawl Stone Soup version 0.30-a0-743-gbfdf073431 (webtiles) character file.

Game seed: 10295666803310985612

98 Lavandula the Slasher (level 5, 0/41 HPs)
             Began as a Human Monk on Feb 6, 2023.
             Slain by an iguana (7 damage)
             ... on level 4 of the Dungeon.
             The game lasted 00:02:34 (2386 turns).

Lavandula the Slasher (Human Monk)                  Turns: 2386, Time: 00:02:35

Health: 0/41       AC:  6    Str: 13    XL:     5   Next: 1%
Magic:  5/5        EV: 11    Int: 11    God:
Gold:   199        SH:  0    Dex: 15    Spells: 4/4 levels left

rFire   . . .      SeeInvis .    a - +0 falchion
rCold   . . .      Faith    .    (no shield)
rNeg    . . .      Spirit   .    d - +0 ring mail
rPois   .          Reflect  .    (no helmet)
rElec   .          Harm     .    (no cloak)
rCorr   .          Rampage  .    j - +0 pair of gloves
Will    .....                    (no boots)
Stlth   +                        (no amulet)
HPRegen 0.26/turn                (no ring)
MPRegen 0.09/turn                (no ring)

@: no status effects
A: no striking features
a: no special abilities


You were on level 4 of the Dungeon.
You visited 1 branch of the dungeon, and saw 4 of its levels.

You collected 199 gold pieces.

Inventory:

Hand Weapons
 a - a +0 falchion (weapon)
Missiles
 g - 2 curare-tipped darts (quivered)
 i - 4 poisoned darts
Armour
 b - a +0 robe
 d - a +0 ring mail (worn)
 j - a +0 pair of gloves (worn)
Scrolls
 h - 5 scrolls of identify {unknown}
 l - a scroll of fear {unknown}
 m - a scroll of enchant weapon {unknown}
 p - a scroll of enchant armour {unknown}
 s - a scroll of fog {unknown}
Potions
 c - a potion of ambrosia
 e - a potion of cancellation {unknown}
 f - a potion of haste {unknown}
 k - 2 potions of curing {unknown}
 n - a potion of resistance {unknown}
 o - 2 potions of lignification {unknown}
 q - a potion of mutation {unknown}
 r - a potion of attraction {unknown}
 t - a potion of heal wounds {unknown}


   Skills:
 - Level 3.0 Fighting
 + Level 5.3 Long Blades
 - Level 3.0 Dodging
 - Level 2.0 Stealth


You had 4 spell levels left.
You didn't know any spells.
Your spell library contained the following spells:

 Spells                   Type           Power      Damage    Failure   Level
 Apportation              Tloc           0%         N/A       61%         1
 Magic Dart               Conj           0%         1d3       61%         1
 Searing Ray              Conj           0%         2d4       75%         2
 Fulminant Prism          Conj/Hex       0%         3d5       100%        4
 Alistair's Intoxication  Tmut/Pois      0%         N/A       100%        5


Dungeon Overview and Level Annotations

Branches:
Dungeon (4/15)
 Temple: D:4-7

Altars:

Shops:
D:2 (


Message History

No target in view!
No target in view!
HP restored.
You see here a jackal corpse.
An iguana comes into view.
Found a stone staircase leading down.
The iguana hisses angrily.
An iguana is nearby!
An iguana is nearby!
The iguana closely misses you.
You hit the iguana but do no damage. The iguana bites you!
You closely miss the iguana.
The iguana bites you but does no damage.
You hit the iguana.
The iguana is moderately wounded.
The iguana barely misses you.
You hit the iguana but do no damage.
The iguana is moderately wounded.
The iguana bites you!
You hit the iguana.
The iguana is moderately wounded.
The iguana bites you.
You hit the iguana but do no damage.
The iguana is moderately wounded.
The iguana misses you.
You hit the iguana but do no damage.
The iguana is moderately wounded.
The iguana barely misses you.
You hit the iguana but do no damage.
The iguana is moderately wounded.
The iguana bites you but does no damage.
The iguana bites you.
You are too injured to fight recklessly!
You are too injured to fight recklessly!
You hit the iguana.
The iguana is severely wounded.
The iguana bites you!
* * * LOW HITPOINT WARNING * * *
The iguana bites you!
You die...

#........[†...#
#.####.######.#
# ...# #.#
##### #.# #.#
#.########
#.........
#........#
#l@......#
.........>.....
###.##.##+#####
# #.. #.. #..
#... #.


You could see an iguana.

Vanquished Creatures
  4 adders
  A worm (D:3)
  2 dart slugs
  6 bats
  6 endoplasms
  2 giant cockroaches (D:1)
  2 goblins (D:1)
  3 hobgoblins
  2 jackals (D:4)
  3 quokkas
  8 ball pythons
  4 frilled lizards
  4 kobolds
  11 rats
58 creatures vanquished.

Notes
Turn   | Place    | Note
-------+----------+-------------------------------------------
     0 | D:1      | Lavandula the Human Monk began the quest for the Orb.
     0 | D:1      | Reached XP level 1. HP: 18/18 MP: 1/1
   113 | D:1      | Reached XP level 2. HP: 21/24 MP: 2/2
   345 | D:1      | Reached skill level 4 in Long Blades
   345 | D:1      | Reached XP level 3. HP: 21/29 MP: 3/3
   761 | D:2      | Found Yrhihiol's Antique Weapon Shop.
   948 | D:2      | Reached XP level 4. HP: 28/35 MP: 4/4
  1074 | D:2      | Found a faded altar of an unknown god.
  1656 | D:3      | Reached skill level 5 in Long Blades
  2296 | D:4      | Noticed a phantom
  2357 | D:4      | Reached XP level 5. HP: 40/41 MP: 5/5
  2386 | D:4      | Slain by an iguana

Illustrated notes

Levels and vault maps discovered:
D:1:      minmay_arrival_diagonal_passages, layout_loops_ring
D:2:      layout_basic, nicolae_ecumenical_snake_handling, serial_shops, shop
D:3:      layout_basic, minmay_close_crescents
D:4:      minmay_general_purpose_star, layout_basic, lemuel_round_altar,
          nzn_hepliaklqana_mist_gate, old_standard_altar, temple_pool_b,
          gammafunk_ghost_nasty_kobolds

Skill      XL: |  1  2  3  4 |
---------------+-------------+-----
Long Blades    | 4 5 |  5.3
Fighting       | |  3.0
Dodging        | |  3.0
Stealth        | |  2.0

Action                     |  1- 3 |  4- 6 || total
---------------------------+-------+-------++-------
  Melee: Falchion          |    85 |    91 ||   176
         Punch             |     2 |     1 ||     3
   Stab: Sleeping          |     1 |     1 ||     2
         Distracted        |       |     1 ||     1
 Armour: Ring mail         |    44 |    41 ||    85
  Dodge: Dodged            |    55 |    44 ||    99

Table legend: (Time is in decaauts)
 A = Elapsed time spent in this place.
 B = Non-inter-level travel time spent in this place.
 C = Inter-level travel time spent in this place.
 D = Time resting spent in this place.
 E = Time spent auto-exploring this place.
 F = Levels seen in this place.
 G = Mean time per level.
                   A        B        C        D        E       F      G
               +--------+--------+--------+--------+--------+-----+--------+
         Total |   2399 |   2255 |    144 |      0 |   1824 |   4 |  599.8 |
       Dungeon |   2399 |   2255 |    144 |      0 |   1824 |   4 |  599.8 |
               +--------+--------+--------+--------+--------+-----+--------+

Top non-repeatable levels by time:
     D:3: 1046 daAuts
     D:1: 734 daAuts
     D:2: 576 daAuts
     D:4: 41 daAuts
